 Dungeon Crawl Stone Soup version 0.32-a0-126-g9fbf7fb75a (webtiles) character file.

Game seed: 6984550980214889442

128 Nattfarinn the Magician (level 5, -3/46 HPs)
             Began as an Oni Hedge Wizard on Feb 7, 2024.
             Slain by a gnoll
             ... wielding a +0 whip
              (7 damage)
             ... on level 3 of the Dungeon.
             The game lasted 00:05:37 (2590 turns).

Nattfarinn the Magician (Oni Hedge Wizard)          Turns: 2590, Time: 00:05:37

Health: -3/46      AC:  4    Str: 14      XL:     5   Next: 12%
Magic:  13/13      EV:  9    Int: 16 (17) God:
Gold:   138        SH:  0    Dex:  5 (8)  Spells: 14/15 levels left

rFire   . . .        h - +1 flail (holy)
rCold   . . .        (no shield)
rNeg    . . .        b - +0 robe
rPois   .            c - +0 hat
rElec   .            l - +0 cloak
rCorr   .            (gloves unavailable)
SInv    .            (boots unavailable)
Will    .....        i - amulet of magic regeneration
Stlth   +            (no ring)
HPRegen 0.27/turn    (no ring)
MPRegen 0.53/turn

%: no passive effects
@: no status effects
A: large, unfitting armour, horns 1, tough skin 1, double potion healing,
drunken brawling
a: no special abilities


You were on level 3 of the Dungeon.
You visited 1 branch of the dungeon, and saw 4 of its levels.

You collected 138 gold pieces.

Inventory:

Hand Weapons
 h - a +1 flail of holy wrath (weapon)
Armour
 b - a +0 robe (worn)
 c - a +0 hat (worn)
 l - a +0 cloak (worn)
Jewellery
 i - an amulet of magic regeneration (around neck)
Scrolls
 e - 2 scrolls of teleportation
 j - a scroll of poison


   Skills:
 * Level 0.8 Fighting
 + Level 0.2 Maces & Flails
 - Level 1.7 Dodging
 - Level 1.4 Stealth
 - Level 5.5 Spellcasting
 - Level 2.4 Conjurations
 - Level 0.8 Summonings
 - Level 0.8 Translocations


You had 14 spell levels left.
You knew the following spells:

 Your Spells              Type           Power      Damage    Failure   Level
a - Magic Dart            Conj           48%        1d5       5%          1

Your spell library contained the following spells:

 Spells                   Type           Power      Damage    Failure   Level
 Searing Ray              Conj           24%        2d5       9%          2
 Slow                     Hex            16%        N/A       14%         1
 Blink                    Tloc           14%        N/A       16%         2
 Call Imp                 Summ           14%        N/A       16%         2
 Cigotuvi's Dreadful Rot  Necr/Alch/Air  8%         N/A       22%         2
 Sublimation of Blood     Necr           4%         N/A       22%         2
 Mephitic Cloud           Conj/Alch/Air  7%         N/A       30%         3
 Fulminant Prism          Conj/Alch      4%         3d5       65%         4
 Petrify                  Alch/Erth      4%         N/A       82%         4
 Irradiate                Conj/Alch      4%         3d13      94%         5


Dungeon Overview and Level Annotations

Branches:
Dungeon (4/15)
 Temple: D:4-7

Altars:

Shops:
D:4 (


Innate Abilities, Weirdness & Mutations

You are too large for most types of armour.
You have a pair of small horns on your head.
You have tough skin. (AC +1)
You gain doubled healing and magic from potions.
Whenever you drink a healing potion, you attack all around you.


Message History

The gnoll is heavily wounded.
The frilled lizard misses you. The gnoll completely misses you.
The magic dart hits the gnoll.
The gnoll is severely wounded.
The frilled lizard barely misses you. The gnoll hits you with a +0 club.
The magic dart hits the gnoll.
The gnoll is almost dead.
The frilled lizard unfolds its giant frill.
The frilled lizard bites you. The gnoll closely misses you.
The magic dart hits the gnoll.
You kill the gnoll!
The frilled lizard bites you.
You are too injured to fight recklessly!
You are too injured to fight recklessly!
You are too injured to fight recklessly!
You are too injured to fight recklessly!
The gnoll shouts!
The frilled lizard closely misses you.
The frilled lizard attacks as it pursues you!
The frilled lizard misses you. The gnoll attacks as it pursues you!
The gnoll hits you with a +0 whip.
The frilled lizard attacks as it pursues you!
The frilled lizard bites you.
The frilled lizard attacks as it pursues you!
The frilled lizard bites you. The frilled lizard barely misses you.
Things that are here:
a +0 club; an orc skeleton The frilled lizard attacks as it pursues you!
The frilled lizard closely misses you. The gnoll attacks as it pursues you!
The gnoll hits you with a +0 whip.
* * * LOW HITPOINT WARNING * * *
The orc wizard mumbles some strange words.
The orc wizard flickers and vanishes!
Deactivating autopickup; reactivate with Ctrl-A.
The gnoll attacks as it pursues you! The gnoll closely misses you.
The gnoll attacks as it pursues you! The gnoll hits you with a +0 whip!
* * * LOW HITPOINT WARNING * * *
The gnoll attacks as it pursues you! The gnoll hits you with a +0 whip!
You die...

#.....)........#
#..)...........# ##...
. #..............# ...#
^. #..............#
.### ...
##......>......## ...#
....####..#..........##
#...
.........##.##########
## .. .........##.# ..
. .........#@.# ..
...##'##.gl.# #..##...
.. ##...# ..... #...#
#.... #.รท.# ##....
#g.## .....!# ##..#
......?#####..###
#....).g.......####


You could see 2 gnolls and a frilled lizard.

Vanquished Creatures
  Robin (D:3)
  2 gnolls
  3 adders
  A dart slug (D:2)
  A ribbon worm (D:2)
  2 orcs (D:3)
  5 bats
  5 endoplasms
  5 giant cockroaches
  8 goblins
  12 hobgoblins
  3 kobolds (D:1)
  2 quokkas
  5 ball pythons
  3 frilled lizards
  4 rats
62 creatures vanquished.

Notes
Turn   | Place    | Note
-------+----------+-------------------------------------------
     0 | D:1      | Nattfarinn the Oni Hedge Wizard began the quest for the
                  | Orb.
     0 | D:1      | Reached XP level 1. HP: 16/16 MP: 5/5
   101 | D:1      | Reached skill level 1 in Conjurations
   223 | D:1      | Reached skill level 4 in Spellcasting
   223 | D:1      | Reached XP level 2. HP: 19/24 MP: 1/7
   590 | D:1      | You fall into a shaft and drop 1 floor!
  1069 | D:1      | Reached XP level 3. HP: 31/31 MP: 6/8
  1091 | D:1      | Found a faded altar of an unknown god.
  1817 | D:2      | Reached XP level 4. HP: 39/39 MP: 5/10
  1856 | D:2      | Reached skill level 5 in Spellcasting
  2228 | D:3      | Noticed Robin
  2248 | D:4      | Found Denasul's Antique Weapon Emporium.
  2298 | D:3      | Killed Robin
  2514 | D:2      | Reached XP level 5. HP: 45/45 MP: 10/13
  2590 | D:3      | Slain by a gnoll

Illustrated notes

Levels and vault maps discovered:
D:1:      dpeg_arrival_rooms_with_view, layout_loops_corners,
          ebering_ecumenical_altar_sacrificial
D:2:      layout_basic, serial_park_tiny_pond
D:3:      layout_rooms, hangedman_abyss_or_decor_lesser_grid,
          kennysheep_jessica_study, uniq_robin
D:4:      layout_basic, nicolae_stop_n_shop_1, kennysheep_generic_room_13

Skill      XL: |  1  2  3  4 |
---------------+-------------+-----
Conjurations   | 1 2 |  2.4
Spellcasting   | 4 5 |  5.5
Fighting       | |  0.8
Maces & Flails | |  0.2
Dodging        | |  1.7
Stealth        | |  1.4
Summonings     | |  0.8
Translocations | |  0.8

Action                     |  1- 3 |  4- 6 || total
---------------------------+-------+-------++-------
  Melee: Dagger            |    29 |    23 ||    52
         Headbutt          |     4 |     1 ||     5
         Punch             |     1 |       ||     1
         Flail             |       |    10 ||    10
   Cast: Magic Dart        |    95 |    95 ||   190
    Use: Scroll            |       |     5 ||     5
         Potion            |       |     4 ||     4
 Armour: Robe              |    47 |    93 ||   140
  Dodge: Dodged            |    27 |    50 ||    77

Table legend: (Time is in decaauts)
 A = Elapsed time spent in this place.
 B = Non-inter-level travel time spent in this place.
 C = Inter-level travel time spent in this place.
 D = Time resting spent in this place.
 E = Time spent auto-exploring this place.
 F = Levels seen in this place.
 G = Mean time per level.
                   A        B        C        D        E       F      G
               +--------+--------+--------+--------+--------+-----+--------+
         Total |   2593 |   2543 |     50 |    264 |   1756 |   4 |  648.2 |
       Dungeon |   2593 |   2543 |     50 |    264 |   1756 |   4 |  648.2 |
               +--------+--------+--------+--------+--------+-----+--------+

Top non-repeatable levels by time:
     D:1: 1204 daAuts
     D:2: 809 daAuts
     D:3: 578 daAuts
     D:4: 1 daAuts
